[Event "*** Titled Tuesday Blitz"]
[Site "Chess.com"]
[Date "2021.02.16"]
[Round "4"]
[White "TimofeevAr"]
[Black "klimkoj"]
[Result "1-0"]
[WhiteElo "2877"]
[BlackElo "2557"]
[TimeControl "180+1"]
[EndTime "10:42:11 PST"]
[Termination "TimofeevAr won on time"]

1. c4 Nf6 2. Nc3 e6 3. Nf3 Bb4 4. d4 c5 5. e3 O-O 6. Bd3 d5 7. O-O Bxc3 8. bxc3 dxc4 9. Bxc4 Qc7 10. Bd3 Nc6 11. e4 cxd4 12. cxd4 Rd8 13. e5 Nd5 14. Ng5 h6 15. Nf3 Ndb4 16. Be4 b6 17. Bxh6 gxh6 18. Qd2 Kg7 19. Qf4 Bb7 20. Qf6+ Kf8 21. Qxh6+ Ke8 22.
Rac1 Qe7 23. Ng5 Kd7 24. Rfd1 Rh8 25. Nh7 Rag8 26. Nf6+ Kd8 27. Nxg8 Rxh6 28. Nxe7 Kxe7 29. a3 Rh4 30. f3 Nd5 31. g3 Rh8 32. Bxd5 exd5 33. Kg2 Kd7 34. g4 Na5 35. Kg3 Nc4 36. Rc3 b5 37. h4 a5 38. h5 Ke6 39. f4 Bc6 40. f5+ Ke7 41. Kf4 Rc8 42. Rb1 Rb8 43.
h6 b4 44. axb4 axb4 45. Rcb3 Nd2 46. Rxb4 Ra8 47. Rd1 Ne4 48. h7 Rh8 49. Rc1 Bd7 50. Rb7 Kd8 51. Rb8+ Ke7 52. Rxh8 1-0

[Event "*** Titled Tuesday Blitz"]
[Site "Chess.com"]
[Date "2021.02.16"]
[Round "4"]
[White "Iskusnyh"]
[Black "kidagent"]
[Result "1-0"]
[WhiteElo "2606"]
[BlackElo "2311"]
[TimeControl "180+1"]
[EndTime "10:42:12 PST"]
[Termination "Iskusnyh won by resignation"]

1. d4 d5 2. c4 c6 3. Nf3 Nf6 4. e3 Bf5 5. Nc3 e6 6. Nh4 Bg4 7. Qb3 Qc8 8. h3 Bh5 9. g4 Bg6 10. Bd2 Nbd7 11. Rc1 dxc4 12. Bxc4 Be7 13. Nxg6 hxg6 14.
g5 Ng8 15. e4 Nb6 16. Be2 Qd8 17. h4 Qxd4 18. Be3 Qb4 19. Qxb4 Bxb4 20. a3 Bxc3+ 21. Rxc3 Ne7 22. Rb3 O-O-O 23. f4 Kc7 24. Kf2 f5 25. gxf6 gxf6 26. Rc3 Rd7 27. Rcc1 Nec8 28. h5 Rdh7 29. Rcg1 gxh5 30. Rg6 f5 31. exf5 exf5 32. Bd4 Re8 33.
Be5+ Kd7 34. Rxh5 Nd5 35. Rxh7+ Re7 36. Rxe7+ Ncxe7 37. Rg7 Ke6 38. Bh5 1-0

[Event "*** Titled Tuesday Blitz"]
[Site "Chess.com"]
[Date "2021.02.16"]
[Round "4"]
[White "Kretov_Evgenij"]
[Black "Vasily85"]
[Result "0-1"]
[WhiteElo "2615"]
[BlackElo "2434"]
[TimeControl "180+1"]
[EndTime "10:42:12 PST"]
[Termination "Vasily85 won by resignation"]

1. d4 Nf6 2. c4 e6 3. Nc3 Bb4 4.
Bg5 h6 5. Bh4 c5 6. d5 d6 7. e3 O-O 8. Qc2 exd5 9. cxd5 Re8 10. Nf3 Bg4 11. Nd2 Nbd7 12. Bd3 Ne5 13. h3 Nxd3+ 14.
Qxd3 Bh5 15. O-O Bg6 16. e4 a6 17. Rae1 b5 18. f4 c4 19. Qf3 Qb6+ 20. Kh1 Qd4 21. f5 Bh5 22. g4 Nxg4 23. hxg4 Qxd2 24. gxh5 Qxb2 25. Re3 Qc2 26. Nd1 Bc5 27. Re2 Qd3 28. Kg2 Qxf3+ 29. Kxf3 f6 30. Bf2 Rac8 31. Ne3 Bxe3 32. Bxe3 b4 33. Bd4 Kf7 34. Rb1 a5 35.
Rc2 c3 36. a3 Rc4 37. Ke3 Rb8 38. Kd3 Rcc8 39. axb4 axb4 40. Rb3 Ke7 41. Ra2 Kf7 42. Ra7+ Kf8 43. Kc2 Rc4 44. Bxc3 Rbc8 45. Rxb4 Rxb4 46. Kd3 Rb3 47. Ra2 Rbxc3+ 48. Kd2 R3c4 49. Kd3 Rc3+ 50. Kd2 Rh3 51. Ra6 Rxh5 52. Rxd6 Rh4 53. Kd3 Re8 0-1

[Event "*** Titled Tuesday Blitz"]
[Site "Chess.com"]
[Date "2021.02.16"]
[Round "4"]
[White "Kotofeyca"]
[Black "LEGENYA1998"]
[Result "1-0"]
[WhiteElo "2446"]
[BlackElo "2281"]
[TimeControl "180+1"]
[EndTime "10:42:12 PST"]
[Termination "Kotofeyca won by resignation"]

1. d4 e6 2. c4 Nf6 3. Nf3 d5 4.
Nc3 dxc4 5. e4 c5 6. Bxc4 cxd4 7.
Nxd4 Nc6 8. Nxc6 Qxd1+ 9. Kxd1 bxc6 10. f3 e5 11. Be3 Be6 12. Bxe6 fxe6 13. Rc1 O-O-O+ 14.
Ke2 Kb7 15. Na4 Be7 16. Rc3 Rd7 17. Rhc1 Rc8 18. Rb3+ Ka8 19. Rc4 Rb7 20. Rxb7 Kxb7 21.
Bc5 Rc7 22. Rb4+ Kc8 23. Bxe7 Rxe7 24. Nc5 Nd7 25. Rb7 a6 26. Ra7 Kd8 27. Nxa6 Nb6 28. Rxe7 Kxe7 29. Nc5 Kd6 30. Nd3 c5 31. b3 c4 32.
bxc4 Nxc4 33. Nf2 Kc6 34. h4 Kc5 35. Kd3 Nd6 36. Kc3 Nb5+ 37. Kd3 Nd6 38. Ng4 Nc4 39. Kc3 h5 40. Nf2 Nd6 41. Nd3+ Kc6 42. Nxe5+ Kc5 43.
Nd3+ Kc6 44. a4 Nb7 45. f4 Nd6 46. Kd4 Nf7 47. Ne5+ Nxe5 48. Kxe5 1-0

[Event "*** Titled Tuesday Blitz"]
[Site "Chess.com"]
[Date "2021.02.16"]
[Round "4"]
[White "milenapn"]
[Black "Logman74"]
[Result "0-1"]
[WhiteElo "2107"]
[BlackElo "2387"]
[TimeControl "180+1"]
[EndTime "10:42:12 PST"]
[Termination "Logman74 won by checkmate"]

1. e4 c5 2. Nf3 d6 3. d4 cxd4 4. Nxd4 Nf6 5. Nc3 a6 6. Bg5 e6 7. f4 Be7 8. Qf3 Qc7 9. O-O-O Nbd7 10. g4 b5 11. Bxf6 Nxf6 12. g5 Nd7 13. f5 Bxg5+ 14. Kb1 Ne5 15. Qg3 Qd8 16. Bh3 O-O 17. fxe6 Kh8 18. Nd5 fxe6 19. Bxe6 Bh4 20. Qh3 Ng6 21. Bxc8 Qxc8 22. Nf5 Bf6 23. Rhg1 Qe8 24. Nxd6 Qe5 25. Nxf6 Rxf6 26. Rxg6 Raf8 27. Rxf6 gxf6 28. Qh6 Qe7 29. Nf5 Qf7 30. Rg1 Rd8 31. Qh4 Qg6 32. Rxg6 Rd1# 0-1

[Event "*** Titled Tuesday Blitz"]
[Site "Chess.com"]
[Date "2021.02.16"]
[Round "4"]
[White "ChristopherYoo"]
[Black "eightbyeightchess"]
[Result "1-0"]
[WhiteElo "2886"]
[BlackElo "2379"]
[TimeControl "180+1"]
[EndTime "10:42:13 PST"]
[Termination "ChristopherYoo won by checkmate"]

1. d4 d5 2. Nf3 Nf6 3. c4 c6 4. e3 a6 5. b3 Bg4 6. h3 Bh5 7. Be2 e6 8. O-O Bd6 9. Bb2 O-O 10.
Nbd2 Nbd7 11. a3 b5 12. Rc1 Ne4 13. cxd5 cxd5 14. Nxe4 dxe4 15. Nd2 Bxe2 16. Qxe2 f5 17. Rc6 Qe7 18. b4 e5 19. Nb3 f4 20. exf4 exf4 21.
Re1 Rae8 22. Qg4 Rf6 23. Nd2 Rg6 24. Qf5 f3 25. Nxf3 Rf8 26. Qd5+ Kh8 27. Rxe4 Qf6 28. Rg4 Bh2+ 29. Kxh2 Qxc6 30. Qxc6 Rxc6 31. d5 Rg6 32.
Re4 Nb6 33. Ne5 Rgf6 34. d6 Rxd6 35. Nf7+ Kg8 36. Nxd6 Rd8 37. Nf5 Nc4 38. Bd4 Kf7 39. Re7+ Kg6 40. g4 Rd5 41. Rxg7# 1-0

[Event "*** Titled Tuesday Blitz"]
[Site "Chess.com"]
[Date "2021.02.16"]
[Round "4"]
[White "Rap_woyska"]
[Black "MarcoRiehle"]
[Result "1-0"]
[WhiteElo "2525"]
[BlackElo "2685"]
[TimeControl "180+1"]
[EndTime "10:42:14 PST"]
[Termination "Rap_woyska won by resignation"]

1. c4 c5 2. Nf3 Nf6 3. Nc3 d5 4.
cxd5 Nxd5 5. e3 Nc6 6. Bb5 e6 7. O-O Bd7 8. Nxd5 exd5 9. d4 c4 10. b3 a6 11. Bxc6 Bxc6 12. Ne5 cxb3 13. Nxc6 bxc6 14.
Qxb3 Bd6 15. Ba3 O-O 16. Rfc1 Rb8 17. Qa4 Bxa3 18. Qxa3 Qb6 19. h3 Rfc8 20. Rc5 Re8 21. Rac1 Re6 22. Qc3 h5 23. Rxc6 Rxc6 24. Qxc6 Qa5 25. a4 g6 26. Qd6 Re8 27. Qd7 Rf8 28.
g3 Kg7 29. Kg2 Rb8 30. Rc7 Rf8 31. Rc5 Qb4 32. a5 Qb1 33. Qxd5 Kg8 34. Rc6 Qd3 35. Rc7 Kg7 36. Ra7 Kg8 37. Qb7 Qf5 38.
Rxa6 Kg7 39. Ra8 Rxa8 40. Qxa8 Qb5 41. a6 h4 42. g4 Qd3 43. a7 Qa6 44. Qb8 Qc6+ 45.
Kh2 Qf3 46. a8=Q Qxf2+ 47. Qg2 Qe1 48. Qe5+ Kh7 49. Qf6 Qxe3 50. Qxf7+ Kh6 51. g5+ Qxg5 52. Qf8+ Kh7 53. Qf7+ Kh8 54. Qe8+ Kg7 55. Qxg5 1-0

[Event "*** Titled Tuesday Blitz"]
[Site "Chess.com"]
[Date "2021.02.16"]
[Round "4"]
[White "mattcolins2025"]
[Black "elcandado"]
[Result "1-0"]
[WhiteElo "2500"]
[BlackElo "2650"]
[TimeControl "180+1"]
[EndTime "10:42:15 PST"]
[Termination "mattcolins2025 won on time"]

1. d4 Nf6 2. c4 e6 3. Nc3 Bb4 4. Qc2 b6 5. Bg5 h6 6. Bh4 g5 7.
Bg3 Bb7 8. e3 Ne4 9. Bd3 Bxc3+ 10. bxc3 Nxg3 11. hxg3 Bxg2 12. Rh5 Bb7 13. e4 d6 14. Nf3 Nd7 15. Nxg5 Qf6 16. Nh3 Qf3 17. Nf4 Nf6 18. Rh4 e5 19. Nd5 Nxd5 20. cxd5 O-O-O 21. Qe2 Qf6 22. Qe3 exd4 23. Qxd4 Qg5 24. Ke2 Rde8 25. Qe3 Qxe3+ 26. Kxe3 Kd7 27. Rah1 Bxd5 28. c4 Bc6 29. Rxh6 Rxh6 30. Rxh6 a5 31. Rh7 Ke7 32. Kd4 Rg8 33. Be2 Bd7 34. Rh1 Be6 35. Rh4 Kf6 36. Rh6+ Kg7 37.
Rh4 Re8 38. f4 c5+ 39. Kc3 Bd7 40. Bd3 Bc6 41. f5 Kf6 42. Kd2 Ke5 43. Ke3 Rg8 44.
g4 a4 45. a3 Bb7 46. Kf3 Bc6 47. Rh7 Kf6 48. Kf4 Ke7 49. g5 Kf8 50. Rh1 Kg7 51. Rb1 1-0

[Event "*** Titled Tuesday Blitz"]
[Site "Chess.com"]
[Date "2021.02.16"]
[Round "4"]
[White "federicosellitti"]
[Black "MaxLeto"]
[Result "0-1"]
[WhiteElo "2454"]
[BlackElo "2342"]
[TimeControl "180+1"]
[EndTime "10:42:15 PST"]
[Termination "MaxLeto won by checkmate"]

1. e4 c5 2. Nc3 d6 3. g3 Nc6 4.
Bg2 g6 5. d3 Bg7 6. Be3 e5 7. Qd2 Be6 8. Nge2 Qd7 9. O-O h5 10.
Nd5 h4 11. f4 hxg3 12. hxg3 O-O-O 13. b4 Bh3 14. Nec3 cxb4 15. Nb5 Bxg2 16. Qxg2 Kb8 17.
a3 Nd4 18. Nxa7 b3 19. c3 Kxa7 20.
Rab1 Nh6 21. Rxb3 Ng4 22. cxd4 exd4 23. Rfb1 Nxe3 24. Qb2 Rb8 25. Kf2 Rh2+ 26. Kf3 Rxb2 27. R1xb2 Qg4+ 28. Kf2 Qh3 29. Nxe3 dxe3+ 30. Kxe3 Bxb2 31.
Rxb2 Qxg3+ 32. Kd4 Qxf4 33. Rb4 Qe5+ 34. Ke3 Qc5+ 35.
d4 Qc3+ 36. Kf4 Qxa3 37. Rc4 Qa6 38. Rc7 Qf1+ 39. Kg5 Qg1+ 40. Kf6 Qxd4+ 41. Ke7 Qxe4+ 42. Kd7 Qf5+ 43. Kxd6 Rd8+ 44. Rd7 Rxd7# 0-1

[Event "*** Titled Tuesday Blitz"]
[Site "Chess.com"]
[Date "2021.02.16"]
[Round "4"]
[White "LileKoridze"]
[Black "Rodalquilar"]
[Result "0-1"]
[WhiteElo "2373"]
[BlackElo "2661"]
[TimeControl "180+1"]
[EndTime "10:42:16 PST"]
[Termination "Rodalquilar won by resignation"]

1. d4 d5 2. c4 e6 3. Nc3 a6 4. cxd5 exd5 5. Bf4 Nf6 6. Nf3 c5 7. e3 c4 8. a4 Nc6 9. Be2 Bf5 10. O-O Be7 11.
Ne5 Nb4 12. Bf3 O-O 13. Qd2 Rc8 14. Rac1 Nd3 15. Nxd3 Bxd3 16. Rfe1 Bb4 17. Bg5 Ne4 18.
Bxe4 Qxg5 19. Bxd3 cxd3 20. Qxd3 Rc6 21. Rc2 Rfc8 22.
Rec1 h5 23. h3 h4 24. Ne2 Qf6 25. Nf4 Qd6 26. Qf5 g6 27. Rxc6 gxf5 28. Rxc8+ Kg7 29. Nh5+ Kg6 30. Nf4+ Kg7 31. R1c7 Qh6 32. Nxd5 Bd6 33. Rxb7 Qe6 34. Nb6 Qe4 35. Rc1 Qxb7 36. Nc4 Bc7 37. Ne5 Bxe5 38. dxe5 Qxb2 39. Rc6 Qa1+ 40. Kh2 Qxe5+ 41. Kg1 Qa1+ 42. Kh2 Qxa4 0-1

[Event "*** Titled Tuesday Blitz"]
[Site "Chess.com"]
[Date "2021.02.16"]
[Round "4"]
[White "AungTZ"]
[Black "norwaytoadog"]
[Result "0-1"]
[WhiteElo "2019"]
[BlackElo "2268"]
[TimeControl "180+1"]
[EndTime "10:42:16 PST"]
[Termination "norwaytoadog won on time"]

1. e4 c5 2. Nf3 d6 3. Bb5+ Bd7 4.
Bxd7+ Nxd7 5. O-O Ngf6 6. Re1 e6 7. c3 Be7 8. d4 O-O 9. Nbd2 Rc8 10.
b3 cxd4 11. cxd4 b5 12. Bb2 Qb6 13. h3 Rc7 14. Rc1 Rfc8 15. Rxc7 Qxc7 16. Qa1 Qb7 17.
Qb1 h6 18. Nf1 d5 19. exd5 Nxd5 20. Ne3 Bb4 21. Nxd5 Qxd5 22. Rc1 Qb7 23. Rc2 Nf6 24. Qc1 Rxc2 25. Qxc2 Nd5 26. a3 Bd6 27. Bc1 Qc7 28. Qxc7 Nxc7 29. Kf1 f6 30. Ke2 Kf7 31. Kd3 Ke7 32.
a4 a6 33. Bd2 Nd5 34. Ne1 Kd7 35. Nc2 Kc6 36. g3 Nb6 37. axb5+ Kxb5 38. f4 Nd5 39.
Ne3 Nxe3 40. Kxe3 Kc6 41. Ke4 f5+ 42. Kd3 Kd5 0-1

[Event "*** Titled Tuesday Blitz"]
[Site "Chess.com"]
[Date "2021.02.16"]
[Round "4"]
[White "elextranjero00"]
[Black "eljanov"]
[Result "1-0"]
[WhiteElo "2637"]
[BlackElo "2839"]
[TimeControl "180+1"]
[EndTime "10:42:17 PST"]
[Termination "elextranjero00 won on time"]

1. d4 Nf6 2. c4 e6 3. Nc3 Bb4 4.
e3 O-O 5. Bd3 d5 6. Nf3 b6 7.
O-O Ba6 8. cxd5 Bxd3 9. Qxd3 exd5 10. Bd2 Re8 11. Rac1 c6 12. Ne5 a5 13. a3 Bf8 14.
f4 Ra7 15. Be1 Qd6 16. Bg3 Rae7 17. f5 Qd8 18. Bh4 c5 19. Bxf6 gxf6 20. Ng4 Rd7 21. Rf3 h5 22. Nf2 Bh6 23. Rg3+ Kf8 24. Rf1 Nc6 25. dxc5 bxc5 26. Ncd1 d4 27. e4 Ne5 28. Qe2 Bf4 29. Rh3 Ke7 30. Nd3 Nxd3 31. Qxd3 Be5 32. Qc4 Qb6 33. Nf2 Qxb2 34. Qxc5+ Bd6 35. Qxa5 d3 36. Nxd3 Qc2 37. Qb5 Rg8 38. Rf2 1-0

[Event "*** Titled Tuesday Blitz"]
[Site "Chess.com"]
[Date "2021.02.16"]
[Round "4"]
[White "Smirnov_Pavel"]
[Black "Buffy7"]
[Result "0-1"]
[WhiteElo "2885"]
[BlackElo "2649"]
[TimeControl "180+1"]
[EndTime "10:42:17 PST"]
[Termination "Buffy7 won on time"]

1. d4 Nf6 2. c4 g6 3. Nf3 Bg7 4. g3 d5 5. Bg2 dxc4 6. O-O O-O 7. Na3 c3 8. bxc3 c5 9. Re1 Nd5 10. Bb2 Nc6 11. e4 Nb6 12. Rb1 Bg4 13. d5 Na5 14. c4 Bxb2 15. Rxb2 Nbxc4 16. Nxc4 Nxc4 17. Rxb7 Nb6 18. Qc1 Bc8 19. Qh6 f6 20. Rxb6 axb6 21. e5 Rxa2 22. d6 exd6 23. Nh4 Be6 24. Nxg6 Rf7 25.
Nf4 dxe5 26. Nxe6 Qd2 27. Qxd2 Rxd2 28. f4 Re7 29. Bh3 exf4 30. gxf4 c4 31. Re3 b5 32. Rg3+ Kh8 33. Bf5 b4 34. Re3 c3 35. Kf1 c2 36.
Bxc2 Rxc2 37. f5 Rc5 38. Rf3 Rb5 39. Rd3 Re8 0-1

[Event "*** Titled Tuesday Blitz"]
[Site "Chess.com"]
[Date "2021.02.16"]
[Round "4"]
[White "DrCeltic"]
[Black "monalize"]
[Result "0-1"]
[WhiteElo "2489"]
[BlackElo "2361"]
[TimeControl "180+1"]
[EndTime "10:42:17 PST"]
[Termination "monalize won on time"]

1. e4 c5 2. Nf3 d6 3. d4 cxd4 4.
Nxd4 Nf6 5. Nc3 a6 6. Be3 Ng4 7.
Bc1 Nc6 8. h3 Nf6 9. Be3 e6 10. f4 h5 11. Qf3 Qc7 12. O-O-O Bd7 13. Bd3 Nb4 14. Kb1 Rc8 15. g4 Nxd3 16. cxd3 e5 17.
Nf5 g6 18. g5 gxf5 19. gxf6 Be6 20. exf5 Bxf5 21. fxe5 Bg6 22. exd6 Bxd6 23. Rhe1 Kf8 24. Bd4 h4 25. Re7 Qd8 26. Rxb7 Rh5 27. Ne4 Ba3 28. Bc3 Qd5 29. Ra7 Bc5 30. Qe2 Bxa7 31. Bb4+ Kg8 32.
Be7 Bd4 33. Qd2 Qb5 34. Ka1 Be3 35. Qe2 Bd4 36. Ba3 Qc6 37. Qg2 Qc1+ 0-1

[Event "*** Titled Tuesday Blitz"]
[Site "Chess.com"]
[Date "2021.02.16"]
[Round "4"]
[White "JQuiroga18"]
[Black "EdmundPlayer"]
[Result "1-0"]
[WhiteElo "2415"]
[BlackElo "2182"]
[TimeControl "180+1"]
[EndTime "10:42:17 PST"]
[Termination "JQuiroga18 won on time"]

1. e4 c6 2. Nf3 d5 3. Nc3 Bg4 4. h3 Bxf3 5. Qxf3 dxe4 6. Nxe4 Nf6 7. d3 Nbd7 8. g3 Nxe4 9. dxe4 e5 10. Bc4 Qf6 11.
Qb3 Nc5 12. Qe3 b5 13. Be2 Ne6 14. O-O Bc5 15. Qc3 O-O 16. Be3 Bd4 17. Bxd4 Nxd4 18. Bd1 Rfd8 19. Qe3 Qe6 20. c3 Qxh3 21. cxd4 Rd6 22.
Bf3 exd4 23. Qf4 Rf6 24. Qg4 Qh6 25. Rfd1 c5 26. e5 Rg6 27. Qh5 Re8 28. Qxh6 Rxh6 29. Re1 Rhe6 30. a4 b4 31. Kf1 Rxe5 32. Rxe5 Rxe5 33.
Re1 f6 34. Rxe5 fxe5 35. Bd5+ Kf8 36. Ke2 Ke7 37. Kd3 Kd6 38. Kc4 h6 39. Be4 g5 40.
g4 a5 41. b3 1-0

[Event "*** Titled Tuesday Blitz"]
[Site "Chess.com"]
[Date "2021.02.16"]
[Round "4"]
[White "LamaChampetre"]
[Black "Pogosian_Manvel"]
[Result "0-1"]
[WhiteElo "2205"]
[BlackElo "2404"]
[TimeControl "180+1"]
[EndTime "10:42:17 PST"]
[Termination "Pogosian_Manvel won on time"]

1. d4 Nf6 2. c4 e6 3. Nf3 d5 4. g3 dxc4 5. Bg2 Nc6 6. O-O Rb8 7. e3 Be7 8. Nfd2 Na5 9. Qc2 b5 10. b3 Bb7 11. Bxb7 Rxb7 12. bxc4 O-O 13. cxb5 Rxb5 14. Nc3 Rh5 15. h4 c5 16. Nf3 Nc6 17. Bb2 cxd4 18.
Nxd4 Nxd4 19. exd4 Nd5 20. Nxd5 Qxd5 21. Qb3 Qf5 22.
Rae1 Qh3 23. Re4 Rd5 24. Rfe1 h5 25. Re5 Rfd8 26. Rxd5 Rxd5 27. Qb8+ Kh7 28. Qf4 Bd6 29. Qe4+ g6 30. Qf3 Kg8 31. Rc1 Qg4 32. Qxg4 hxg4 33.
Rc8+ Kg7 34. Kg2 Kf6 35. Rc2 Kf5 36. Re2 Ra5 37. f3 Rxa2 38. fxg4+ Kxg4 39. Re4+ Kf5 40. Re2 Ba3 41. g4+ Kxg4 42. d5 exd5 0-1

[Event "*** Titled Tuesday Blitz"]
[Site "Chess.com"]
[Date "2021.02.16"]
[Round "4"]
[White "Chesswizard_2007"]
[Black "eldur16"]
[Result "1-0"]
[WhiteElo "2717"]
[BlackElo "2515"]
[TimeControl "180+1"]
[EndTime "10:42:18 PST"]
[Termination "Chesswizard_2007 won on time"]

1. Nf3 d6 2. e4 Nf6 3. Nc3 e5 4. Bc4 Be7 5. h3 O-O 6. d3 c6 7. a4 a5 8. Bg5 Nbd7 9. Qb1 h6 10. Bh4 Nh5 11. Bxe7 Qxe7 12. Qa2 Nf4 13. g3 Ng6 14. Kf1 Nb6 15. Bb3 Kh7 16. Kg2 f5 17. h4 fxe4 18. dxe4 Qf6 19. Ng5+ Kh8 20. Nf7+ Kh7 21. Ng5+ Kh8 22.
Raf1 Bd7 23. Nf7+ Kh7 24. Ng5+ Kh8 25. f3 Ne7 26. Nf7+ Kh7 27. Ng5+ Kh8 28. Rd1 d5 29.
exd5 cxd5 30. Nxd5 Nexd5 31. Bxd5 Nxd5 32. Qxd5 Bc6 33. Qd3 Qf5 34. Qb3 e4 35. fxe4 Qf2+ 36. Kh3 hxg5 37.
hxg5 g6 38. Kg4+ Kg7 39. Qc3+ Kf7 40. Rhf1 Kg8 41. Rxf2 Rxf2 42. Qc4+ Rf7 43. Rf1 Bd7+ 44. Kh4 Rf8 45. g4 Kg7 46. Rxf7+ Rxf7 47. Qd4+ Kh7 48. Kg3 Bc6 49. Qe5 Rd7 50. Qxa5 Rd1 51. Qc7+ Kg8 52.
b4 1-0

[Event "*** Titled Tuesday Blitz"]
[Site "Chess.com"]
[Date "2021.02.16"]
[Round "4"]
[White "MasterMK73"]
[Black "FMJoseHerrera"]
[Result "1/2-1/2"]
[WhiteElo "2271"]
[BlackElo "2592"]
[TimeControl "180+1"]
[EndTime "10:42:18 PST"]
[Termination "Game drawn by repetition"]

1. e4 c5 2. Nf3 e6 3. d4 cxd4 4. Nxd4 a6 5. Bd3 Qc7 6. O-O b6 7. Qe2 Bb7 8. c4 d6 9. Nc3 Nd7 10. Bd2 Ngf6 11. Rac1 Be7 12. f4 h5 13. b4 h4 14.
Rfe1 h3 15. g3 Rc8 16. a3 Qb8 17. e5 Nh5 18. Qf2 dxe5 19. Nxe6 fxe6 20. Bg6+ Kd8 21.
Be3 Ba8 22. Red1 Bd6 23. Rd2 exf4 24. gxf4 Nxf4 25. Rcd1 Nd5 26. cxd5 Bxh2+ 27. Kf1 Rf8 28. Bf7 e5 29. d6 Rxc3 30. Bg5+ Kc8 31. Rc2 Bg2+ 32.
Ke1 Rxc2 33. Qxc2+ Kb7 34. Bc4 Rf1+ 35. Bxf1 Bg3+ 36.
Ke2 Qf8 37. Qc7+ Ka8 38. Bxg2+ hxg2 39. Qc6+ Ka7 40. Qc7+ Ka8 41. Qc6+ Kb8 42. Qc7+ Ka8 1/2-1/2

[Event "*** Titled Tuesday Blitz"]
[Site "Chess.com"]
[Date "2021.02.16"]
[Round "4"]
[White "Skillcam"]
[Black "The_filthy"]
[Result "1/2-1/2"]
[WhiteElo "2501"]
[BlackElo "2336"]
[TimeControl "180+1"]
[EndTime "10:42:18 PST"]
[Termination "Game drawn by repetition"]

1. d4 d5 2. c4 c6 3. Nf3 Nf6 4. Nc3 dxc4 5. a4 Bf5 6. e3 e6 7. Bxc4 Bb4 8. Qe2 O-O 9. O-O Bg4 10. h3 Bh5 11. Rd1 Nbd7 12. e4 Qc7 13. e5 Nd5 14.
Bd2 Bxc3 15. bxc3 Rfe8 16. Bd3 Bg6 17. Bxg6 hxg6 18. Ng5 Nf8 19. c4 Nb6 20. Ne4 Nc8 21.
Bb4 Nh7 22. Qf3 b6 23. a5 Rb8 24. Nd6 Rd8 25. axb6 axb6 26. Ra6 Nxd6 27. Bxd6 Qb7 28. Rda1 Ra8 29. Qa3 Rxa6 30. Qxa6 Qc8 31. Qxb6 Ng5 32. f3 f6 33. Ra7 Nf7 34. Rc7 Qa8 35. Qxc6 Qa1+ 36.
Kh2 Qxd4 37. Rxf7 Qf4+ 38. Kg1 Qc1+ 39. Kf2 Qd2+ 40. Kf1 Qd1+ 41. Kf2 Qd2+ 42. Kg1 Qc1+ 43. Kh2 Qf4+ 44. Kh1 Qc1+ 45. Kh2 Qf4+ 1/2-1/2

[Event "*** Titled Tuesday Blitz"]
[Site "Chess.com"]
[Date "2021.02.16"]
[Round "4"]
[White "Alexander_Zubov"]
[Black "TST2014"]
[Result "1-0"]
[WhiteElo "2997"]
[BlackElo "2581"]
[TimeControl "180+1"]
[EndTime "10:42:19 PST"]
[Termination "Alexander_Zubov won on time"]

1. e4 c5 2. Nf3 d6 3. d4 cxd4 4. Nxd4 Nf6 5. Nc3 Nc6 6. f3 e5 7. Nb3 Be7 8. Be3 O-O 9. Qd2 a5 10. Bb5 Be6 11. Rd1 Qb8 12. Qe2 Rd8 13. Bb6 Rc8 14.
O-O Nb4 15. a3 Nc6 16. Kh1 Bd8 17.
Be3 Ne7 18. Bg5 Ng6 19. Nc1 Nh5 20. Bxd8 Nhf4 21. Qf2 Rxd8 22. g3 Nh3 23. Qe3 h5 24. f4 Bg4 25. Rd2 exf4 26. gxf4 Qc7 27. N1e2 Qc5 28.
Nd4 d5 29. e5 Rac8 30. f5 Nh4 31. f6 gxf6 32. Rxf6 Re8 33. Bxe8 Rxe8 34. Qg3 Ng6 35. e6 Rxe6 36. Nxe6 fxe6 37. Rxg6+ Kh7 38. Rxg4 hxg4 39. Qh4+ Kg6 40. Qxg4+ Ng5 41. h4 Qg1+ 42. Kxg1 1-0

[Event "*** Titled Tuesday Blitz"]
[Site "Chess.com"]
[Date "2021.02.16"]
[Round "4"]
[White "Gahan-MG"]
[Black "Grieve72"]
[Result "1-0"]
[WhiteElo "2645"]
[BlackElo "2470"]
[TimeControl "180+1"]
[EndTime "10:42:19 PST"]
[Termination "Gahan-MG won by checkmate"]

1. e4 c5 2. c3 Nf6 3. e5 Nd5 4. d4 cxd4 5. cxd4 e6 6. Nf3 d6 7.
a3 Be7 8. Bd3 O-O 9. O-O dxe5 10.
dxe5 b6 11. Qe2 Nd7 12. Qe4 g6 13. Bc2 Bb7 14. Bh6 Re8 15. Nbd2 Rc8 16. Rac1 Rc7 17. Qg4 Qc8 18. Qa4 Nc5 19. Qd4 Ba6 20. Rfe1 Nd3 21.
Bxd3 Rxc1 22. Bxa6 Rxe1+ 23. Nxe1 Qxa6 24. h4 Qe2 25. Nef3 Bc5 26. Qe4 Bxf2+ 27. Kh2 Qd1 28. h5 Rc8 29. Nc4 Qa4 30. b3 Qxb3 31. Nd6 Rc7 32. hxg6 hxg6 33. Qg4 Rd7 34. Ng5 Qb1 35.
Nf3 Ne7 36. Qa4 b5 37. Qa6 Qc2 38. Qxb5 Rd8 39. Qb7 Bc5 40. Qxe7 Rb8 41. Qxf7+ Kh8 42. Qg7# 1-0

[Event "*** Titled Tuesday Blitz"]
[Site "Chess.com"]
[Date "2021.02.16"]
[Round "4"]
[White "geordie_derraugh"]
[Black "Fortitudine"]
[Result "1-0"]
[WhiteElo "2472"]
[BlackElo "2331"]
[TimeControl "180+1"]
[EndTime "10:42:19 PST"]
[Termination "geordie_derraugh won on time"]

1. e4 c5 2. Nf3 d6 3. Bb5+ Nd7 4. d4 cxd4 5. Qxd4 Nf6 6. Nc3 a6 7. Bxd7+ Bxd7 8. Bg5 Bc6 9. O-O-O Qa5 10. Kb1 h6 11. Bh4 g5 12. Bg3 Bg7 13. e5 Bxf3 14. gxf3 Nh5 15.
Qd5 Qxd5 16. Nxd5 Nxg3 17. hxg3 O-O 18. Nxe7+ Kh7 19. Rxd6 Rfe8 20. Nf5 Rxe5 21. Nxh6 Bxh6 22. Rdxh6+ Kg7 23. Rh7+ Kf6 24. R7h6+ Ke7 25. Rb6 Rb5 26. Rxb5 axb5 27. Re1+ Kf6 28. c3 Rd8 29. Kc2 Rd5 30.
a3 Rf5 31. Re3 Rd5 32. Re4 Rf5 33. f4 g4 34. Kb3 Rd5 35. Re2 Kf5 36. Kb4 f6 37. b3 b6 38. Rb2 Ke4 39. c4 bxc4 40. bxc4 Rc5 41. Kc3 Kf3 42. Kd4 Ra5 43. Ra2 f5 44.
Kc3 Rc5 45. Kd4 Ra5 46. a4 Rc5 47. Rb2 Ra5 48. Rxb6 Rxa4 49. Rb2 Kg2 50. Rc2 1-0

[Event "*** Titled Tuesday Blitz"]
[Site "Chess.com"]
[Date "2021.02.16"]
[Round "4"]
[White "GiorgianBarbosa"]
[Black "coalescenet"]
[Result "0-1"]
[WhiteElo "2416"]
[BlackElo "2228"]
[TimeControl "180+1"]
[EndTime "10:42:19 PST"]
[Termination "coalescenet won on time"]

1. e4 c6 2. d4 d5 3. f3 dxe4 4. fxe4 e5 5. Nf3 Bg4 6. Bc4 Nd7 7. O-O Ngf6 8. Bg5 Bd6 9. h3 Bh5 10. Nc3 O-O 11. d5 Nb6 12. Bb3 Be7 13. Qe1 Bxf3 14. Rxf3 cxd5 15. exd5 Nfxd5 16. Bxe7 Nxe7 17. Qxe5 Ng6 18. Qg3 Qd4+ 19. Kh1 Qe5 20. Qf2 Qc7 21. Rf1 Ne5 22.
Rf5 Rae8 23. Ne4 Re7 24. Ng5 g6 25. Rf6 Nbd7 26. Rf4 Nc5 27. Qh4 h5 28. Bd5 b5 29.
Qg3 Qd7 30. Nxf7 Rexf7 31. Bxf7+ Rxf7 32. Rxf7 Nxf7 33. Qxg6+ Kf8 34. Qxh5 Ne4 35. Qf5 Ng3+ 36. Kh2 Nxf5 37. Re1 Qd6+ 38. Kh1 Ng3+ 39. Kg1 Qd4+ 0-1

[Event "*** Titled Tuesday Blitz"]
[Site "Chess.com"]
[Date "2021.02.16"]
[Round "4"]
[White "queen_iryna"]
[Black "noamapplesauce"]
[Result "0-1"]
[WhiteElo "2382"]
[BlackElo "2137"]
[TimeControl "180+1"]
[EndTime "10:42:19 PST"]
[Termination "noamapplesauce won by resignation"]

1. e4 e5 2. Nf3 Nc6 3. Bc4 Bc5 4. c3 Nf6 5. d3 a6 6. O-O Ba7 7. b4 d6 8. Nbd2 O-O 9. a4 Ne7 10. d4 Ng6 11. Re1 Nh5 12. Nf1 Nhf4 13. Ng3 h6 14. Be3 Qf6 15. Bf1 Bg4 16. d5 Nh4 17. Bxa7 Bxf3 18. gxf3 Rxa7 19. Re3 Qg5 20. Kh1 g6 21. c4 f5 22. Be2 Nxe2 23. Qxe2 f4 24. Rg1 fxe3 25. Nf5 Qh5 26. Nxh4 Qxh4 27. Qxe3 Kh7 28.
f4 Raa8 29. f5 gxf5 30. f3 f4 31. Qe2 Rg8 32. c5 Rxg1+ 33. Kxg1 Rg8+ 34. Kh1 Qh3 35. c6 bxc6 36. dxc6 Rg3 37. b5 axb5 38. axb5 Rxf3 39. Kg1 Re3 40. Qa2 Re1+ 41. Kf2 Rf1+ 42. Ke2 Qg2+ 43. Kd3 Rf3+ 44. Kc4 Qxa2+ 45. Kb4 Rb3+ 0-1